 Dungeon Crawl Stone Soup version 0.27.1-4-g1640c2035a (webtiles) character file.

Game seed: 4070716811564836954

2942 MisterFreud the Magician (level 9, -2/66 HPs)
             Began as a Gnoll Wanderer on Nov 7, 2021.
             Was a Priest of Zin.
             Slain by an orc warrior (18 damage)
             ... on level 7 of the Dungeon.
             The game lasted 00:13:03 (8405 turns).

MisterFreud the Magician (Gnoll Wanderer)           Turns: 8405, Time: 00:13:03

Health: -2/66      AC:  6    Str: 10    XL:     9   Next: 80%
Magic:  19/19      EV: 14    Int: 21    God:    Zin [***...]
Gold:   60         SH:  0    Dex: 15    Spells: 17/21 levels left

rFire    . . .     SeeInvis .   b - +6 scimitar of Dismemberment {freeze, rElec Int+2}
rCold    . . .     Faith    .   (no shield)
rNeg     . . .     Spirit   .   e - +0 robe
rPois    +         Reflect  .   (no helmet)
rElec    +         Harm     .   z - +2 cloak {rPois}
rCorr    .         Rampage  .   m - +0 pair of gloves
Will     .....                  (no boots)
Stlth    +++.......             (no amulet)
HPRegen  0.21/turn              n - +6 ring of intelligence
MPRegen  0.16/turn              v - ring of wizardry

@: no status effects
A: fangs 1, strong nose, distributed training
a: Renounce Religion, Recite, Vitalisation, Imprison, Donate Gold


You were on level 7 of the Dungeon.
You worshipped Zin.
Zin was most pleased with you.
You visited 1 branch of the dungeon, and saw 7 of its levels.

You collected 253 gold pieces.
You spent 168 gold pieces at shops.
You donated 25 gold pieces to Zin.

Inventory:

Hand Weapons
 a - a +3 hand crossbow
 b - the +6 scimitar of Dismemberment (weapon) {freeze, rElec Int+2}
   (You found it on level 7 of the Dungeon)

   It freezes those it strikes, dealing additional cold damage.
   It can also slow down cold-blooded creatures.
   Int:       It affects your intelligence (+2).
   rElec:     It insulates you from electricity.
 d - a +0 dagger
Missiles
 c - 65 poisoned darts
 F - a throwing net
 I - 4 boomerangs
 J - 33 bolts
Armour
 e - a +0 robe (worn)
 m - a +0 pair of gloves (worn)
 z - a +2 cloak of poison resistance (worn)
Jewellery
 n - a +6 ring of intelligence (left hand)
 v - a ring of wizardry (right hand)
 G - a +6 ring of dexterity
Wands
 j - a wand of acid (9)
 k - a wand of paralysis (15)
 o - a wand of iceblast (11)
 r - a wand of flame (16)
Scrolls
 h - a scroll of enchant weapon
 l - a scroll of teleportation {unknown}
 q - 3 scrolls of fear
 w - a scroll of blinking {unknown}
 x - 3 scrolls of identify
 y - 2 scrolls of vulnerability {unknown}
 A - 2 scrolls of brand weapon {unknown}
 B - a scroll of amnesia {unknown}
 E - a scroll of immolation {unknown}
 H - a scroll of magic mapping
Potions
 f - 5 potions of curing
 g - 3 potions of degeneration {unknown}
 i - 4 potions of haste {unknown}
 p - 2 potions of attraction
 s - a potion of cancellation
 t - 3 potions of brilliance
 u - 2 potions of might
 C - a potion of heal wounds
 D - a potion of lignification


   Skills:
 + Level 4.6 Fighting
 + Level 4.6 Short Blades
 + Level 4.6 Long Blades
 + Level 4.6 Axes
 + Level 4.6 Maces & Flails
 + Level 4.6 Polearms
 + Level 4.6 Staves
 + Level 4.6 Slings
 + Level 4.6 Bows
 + Level 6.5 Crossbows
 + Level 6.5 Throwing
 + Level 5.3 Armour
 + Level 4.6 Dodging
 + Level 4.6 Stealth
 + Level 4.6 Shields
 + Level 4.6 Unarmed Combat
 + Level 6.9 Spellcasting
 + Level 3.8 Conjurations
 + Level 3.8 Hexes
 + Level 3.8 Summonings
 + Level 3.8 Necromancy
 + Level 3.8 Translocations
 + Level 3.8 Transmutations
 + Level 3.8 Fire Magic
 + Level 3.8 Ice Magic
 + Level 4.4 Air Magic
 + Level 3.8 Earth Magic
 + Level 5.4 Poison Magic
 + Level 5.0 Invocations
 + Level 4.6 Evocations


You had 17 spell levels left.
You knew the following spells:

 Your Spells              Type           Power      Damage    Failure   Level
a - Apportation           Tloc           46%        N/A       1%          1
b - Summon Guardian Gole  Hex/Summ       23%        N/A       2%          3

Your spell library contained the following spells:

 Spells                   Type           Power      Damage    Failure   Level
 Lesser Beckoning         Tloc           11%        N/A       2%          3
 Orb of Destruction       Conj           11%        9d5       99%         7
 Spellforged Servitor     Conj/Summ      11%        N/A       99%         7


Dungeon Overview and Level Annotations

Branches:
Dungeon (7/15)             Temple (0/1) D:5

Altars:
Cheibriados
Gozag
Hepliaklqana
Nemelex Xobeh
Ru
Trog
Zin

Shops:
D:2 (   D:5 !


Innate Abilities, Weirdness & Mutations

You have very sharp teeth.
Your uncanny sense of smell can sniff out nearby items.
Your experience applies equally to all skills.


Message History

The orc wizard is lightly wounded.
You closely miss the orc warrior.
The orc wizard mumbles some strange words.
The orc wizard flickers and vanishes!
Deactivating autopickup; reactivate with Ctrl-A.
The orc warrior hits you with a +0 dire flail!
You hear a shout!
You hit the orc warrior but do no damage.
Something hits you but does no damage.
The orc warrior hits you with a +0 dire flail!
Things that are here:
a +0 flail; a +0 falchion You completely miss something.
Something barely misses you. The orc warrior misses you.
Unknown command.
You hit the orc warrior but do no damage.
Something hits you but does no damage. The orc warrior misses you.
You riposte.
You closely miss the orc warrior. Something barely misses you.
You slash the orc warrior! You freeze the orc warrior.
The orc warrior is moderately wounded.
The orc warrior closely misses you. Something hits you but does no damage.
You completely miss the orc warrior.
The orc warrior is moderately wounded.
The orc warrior misses you.
You riposte.
You hit the orc warrior. You freeze the orc warrior.
The orc warrior is heavily wounded.
Something hits you but does no damage. The orc warrior closely misses you.
You closely miss the orc warrior. Your punch misses the orc warrior.
Your bite misses the orc warrior.
The orc warrior is heavily wounded.
You hear some strange, mumbled words.
A magic dart appears from out of thin air!
The magic dart hits you!
The orc warrior hits you with a +0 dire flail!
* * * LOW HITPOINT WARNING * * *
You slash the orc warrior! You freeze the orc warrior.
The orc warrior is almost dead.
Something barely misses you.
The orc warrior hits you with a +0 dire flail!!
You die...

#'#..............#
..#..............#.....##
..#..............#......#
..#>.............#......#
..#..............+...?..#
###..............#......#
.................#......#
.........#########.....$#
.........#......@{o.....#
.........#.....o##5....##
.........#......##.....#
.........'......#.......#
.##......#......##.o....#
..#......#########.....##
#..#+#####. .....5#
'#......... ........
###...>.... ..........


You could see an orc warrior, a shadow imp and an orc.

Vanquished Creatures
  Grinder (D:3)
  Sigmund (D:3)
  A steam dragon (D:6)
  A water moccasin (D:5)
  An orc warrior (D:6)
  A black bear (D:7)
  3 ice beasts
  2 ogres
  2 sky beasts (D:5)
  A necrophage (D:7)
  A centaur (D:7)
  A kobold brigand (D:7)
  3 scorpions
  A wyvern zombie (D:5)
  A bullfrog (D:6)
  A water moccasin skeleton (D:5)
  A wyvern skeleton (D:6)
  A howler monkey (D:5)
  2 centaur zombies
  A jelly (D:6)
  4 orc priests (D:6)
  Crazy Yiuf (D:2)
  2 gnoll shamans (D:5)
  Ijyb (D:3)
  3 iguanas
  Terence (D:2)
  5 orc wizards
  A hound skeleton (D:5)
  Robin (D:2)
  6 adders
  10 gnolls
  A shadow imp (D:6)
  2 adder skeletons (D:4)
  A dart slug (D:4)
  16 orcs
  7 ball pythons
  7 endoplasms
  4 giant cockroaches
  13 hobgoblins
  2 jackals (D:4)
  10 kobolds
  4 quokkas (D:1)
  3 bats
  2 frilled lizards (D:2)
  9 goblins
  2 rats
145 creatures vanquished.

Notes
Turn   | Place    | Note
-------+----------+-------------------------------------------
     0 | D:1      | MisterFreud the Gnoll Wanderer began the quest for the Orb.
     0 | D:1      | MisterFreud set off with the following items: a +2 hand
                  | crossbow, 24 bolts, 13 poisoned darts, a +0 dagger, a +0
                  | robe; and the following spell memorised: Apportation; and
                  | the following spells available to memorise: Lesser
                  | Beckoning
     0 | D:1      | Reached XP level 1. HP: 13/13 MP: 6/6
    97 | D:1      | Reached XP level 2. HP: 16/19 MP: 7/7
   612 | D:1      | Found a faded altar of an unknown god.
   630 | D:1      | Became a worshipper of Zin the Law-Giver
   630 | D:1      | Reached * piety under Zin
   688 | D:1      | Reached XP level 3. HP: 21/25 MP: 9/9
   815 | D:1      | Reached skill level 5 in Spellcasting
  1576 | D:3      | Noticed Grinder
  1595 | D:3      | Paralysed by Grinder for 5 turns
  1596 | D:3      | Reached skill level 1 in Invocations
  1601 | D:3      | Killed Grinder
  1602 | D:3      | Reached skill level 1 in Fighting
  1602 | D:3      | Reached skill level 1 in Short Blades
  1602 | D:3      | Reached skill level 1 in Long Blades
  1602 | D:3      | Reached skill level 1 in Axes
  1602 | D:3      | Reached skill level 1 in Maces & Flails
  1602 | D:3      | Reached skill level 1 in Polearms
  1602 | D:3      | Reached skill level 1 in Staves
  1602 | D:3      | Reached skill level 1 in Slings
  1602 | D:3      | Reached skill level 1 in Bows
  1602 | D:3      | Reached skill level 1 in Dodging
  1602 | D:3      | Reached skill level 1 in Stealth
  1602 | D:3      | Reached skill level 1 in Shields
  1602 | D:3      | Reached skill level 1 in Unarmed Combat
  1602 | D:3      | Reached skill level 1 in Conjurations
  1602 | D:3      | Reached skill level 1 in Hexes
  1602 | D:3      | Reached skill level 1 in Summonings
  1602 | D:3      | Reached skill level 1 in Necromancy
  1602 | D:3      | Reached skill level 1 in Translocations
  1602 | D:3      | Reached skill level 1 in Transmutations
  1602 | D:3      | Reached skill level 1 in Fire Magic
  1602 | D:3      | Reached skill level 1 in Ice Magic
  1602 | D:3      | Reached skill level 1 in Earth Magic
  1602 | D:3      | Reached skill level 1 in Evocations
  1602 | D:3      | Reached XP level 4. HP: 14/33 MP: 11/11
  1602 | D:3      | Reached XP level 5. HP: 17/38 MP: 12/12
  1602 | D:3      | Reached XP level 6. HP: 19/44 MP: 13/13
  1997 | D:3      | Reached skill level 5 in Crossbows
  1997 | D:3      | Reached skill level 5 in Throwing
  2035 | D:3      | Noticed Sigmund
  2074 | D:3      | Killed Sigmund
  2075 | D:3      | Reached XP level 7. HP: 17/50 MP: 15/15
  2437 | D:3      | Noticed Ijyb
  2453 | D:3      | Killed Ijyb
  2959 | D:4      | Found a glowing silver altar of Zin.
  2975 | D:4      | You fall into a shaft and drop 2 floors!
  3032 | D:6      | Noticed a steam dragon
  3041 | D:6      | Killed a steam dragon
  3254 | D:5      | Entered Level 5 of the Dungeon
  3255 | D:5      | Found a bloodstained altar of Trog.
  3257 | D:5      | Found a snail-covered altar of Cheibriados.
  3258 | D:5      | Found a sacrificial altar of Ru.
  3627 | D:4      | Reached ** piety under Zin
  3638 | D:4      | Reached XP level 8. HP: 57/57 MP: 16/16
  4116 | D:2      | Found a runed translucent door.
  4117 | D:2      | Noticed Crazy Yiuf
  4171 | D:2      | Found Kil Deedgh's Weapon Boutique.
  4343 | D:2      | Noticed Terence
  4350 | D:2      | Killed Terence
  4525 | D:2      | Noticed Robin
  4532 | D:2      | Killed Robin
  4696 | D:2      | Killed Crazy Yiuf
  5111 | D:5      | Found an opulent altar of Gozag.
  5350 | D:5      | Found a hazy altar of Hepliaklqana.
  5602 | D:5      | Reached *** piety under Zin
  5665 | D:5      | Found a staircase to the Ecumenical Temple.
  5896 | D:5      | Found Vemoinuh's Distillery.
  5904 | D:5      | Bought a potion of heal wounds for 70 gold pieces
  5904 | D:5      | Bought a potion of curing for 42 gold pieces
  5904 | D:5      | Bought a potion of might for 56 gold pieces
  5980 | D:5      | Reached XP level 9. HP: 65/65 MP: 18/18
  5982 | D:5      | Reached skill level 5 in Poison Magic
  6052 | D:5      | Learned a level 3 spell: Summon Guardian Golem
  6849 | D:6      | Reached skill level 5 in Armour
  7812 | D:7      | Reached skill level 5 in Invocations
  7984 | D:7      | Identified the +6 scimitar of Dismemberment {freeze, rElec
                  | Int+2}
  8362 | D:7      | Found a sparkling altar of Nemelex Xobeh.
  8405 | D:7      | Slain by an orc warrior

Illustrated notes

Levels and vault maps discovered:
D:1:      minmay_arrival_shoal_huts, layout_basic,
          hellmonk_ecumenical_altar_run_dry
D:2:      layout_loops_cross, serial_shops, nicolae_shop_statue_plus,
          uniq_crazy_yiuf_cottage, uniq_robin, uniq_terence
D:3:      layout_basic, skrybe_limestone_x, uniq_sigmund, uniq_grinder,
          uniq_ijyb
D:4:      layout_basic, mainiacjoe_overflow_boulevard,
          minmay_misc_feat_more_columns
D:5:      layout_basic, grunt_temple_overflow_open,
          nicolae_gozag_cash_rules_everything_around_me, temple_statues,
          serial_shops, shop_fountains, small_statue_intersection, minivault_1,
          minmay_misc_feat_five, lemuel_flame_loot_1
D:6:      layout_loops_ring, kennysheep_nondescript
D:7:      layout_gridville, nemelex_diamond_rough_becter

Skill      XL: |  1  2  3  4  5  6  7  8  9 |
---------------+----------------------------+-----
Air Magic      | 2 3 4 |  4.4
Spellcasting   | 5 6 |  6.9
Invocations    | 2 3 4 5 |  5.0
Fighting       | 1 2 3 4 |  4.6
Short Blades   | 1 2 3 4 |  4.6
Long Blades    | 1 2 3 4 |  4.6
Axes           | 1 2 3 4 |  4.6
Maces & Flails | 1 2 3 4 |  4.6
Polearms       | 1 2 3 4 |  4.6
Staves         | 1 2 3 4 |  4.6
Slings         | 1 2 3 4 |  4.6
Bows           | 1 2 3 4 |  4.6
Armour         | 3 4 5 |  5.3
Dodging        | 1 2 3 4 |  4.6
Stealth        | 1 2 3 4 |  4.6
Shields        | 1 2 3 4 |  4.6
Unarmed Combat | 1 2 3 4 |  4.6
Conjurations   | 1 2 3 |  3.8
Hexes          | 1 2 3 |  3.8
Summonings     | 1 2 3 |  3.8
Necromancy     | 1 2 3 |  3.8
Translocations | 1 2 3 |  3.8
Transmutations | 1 2 3 |  3.8
Fire Magic     | 1 2 3 |  3.8
Ice Magic      | 1 2 3 |  3.8
Earth Magic    | 1 2 3 |  3.8
Poison Magic   | 4 5 |  5.4
Evocations     | 1 2 3 4 |  4.6
Crossbows      | 5 6 |  6.5
Throwing       | 5 6 |  6.5

Action                   |  1- 3 |  4- 6 |  7- 9 || total
-------------------------+-------+-------+-------++-------
Melee: Scimitar          |       |       |    18 ||    18
 Fire: Hand crossbow     |    86 |    26 |   382 ||   494
Invok: Recite            |       |       |     1 ||     1
  Use: Scroll            |       |       |    10 ||    10
 Stab: Sleeping          |       |       |     2 ||     2
Armor: Robe              |     8 |     4 |    59 ||    71
Dodge: Dodged            |    14 |     8 |   136 ||   158
       Rpst.: Scimitar   |       |       |     2 ||     2
